 Dungeon Crawl Stone Soup version 0.32-a0-799-g95e1662365 (webtiles) character file.

Game seed: 3207111075810494857

119 hikkokomori the Charlatan (level 4, -8/42 HPs)
             Began as a Mountain Dwarf Wanderer on Mar 21, 2024.
             Mangled by an ogre
             ... wielding a +0 giant club
              (22 damage)
             ... on level 3 of the Dungeon.
             The game lasted 00:04:50 (1933 turns).

hikkokomori the Charlatan (Mountain Dwarf Wanderer) Turns: 1933, Time: 00:04:50

Health: -8/42      AC:  5    Str: 18    XL:     4   Next: 74%
Magic:  0/4        EV:  9    Int: 11    God:
Gold:   148        SH:  0    Dex:  9    Spells: 1/3 levels left

rFire   . . .        x - +0 quarterstaff
rCold   . . .        (shield currently unavailable)
rNeg    + . .        g - +0 ring mail
rPois   .            (no helmet)
rElec   .            (no cloak)
rCorr   .            (no gloves)
SInv    .            (no boots)
Will    .....        n - amulet of regeneration Stlth
                     w - ring of positive energy
HPRegen 1.07/turn    (no ring)
MPRegen 0.09/turn

%: no passive effects
@: very slightly contaminated
A: runic magic, artefact enchanting
a: no special abilities


You were on level 3 of the Dungeon.
You visited 1 branch of the dungeon, and saw 3 of its levels.

You collected 148 gold pieces.

Inventory:

Hand Weapons
 a - a +0 club
 k - a +0 hand axe
 x - a +0 quarterstaff (weapon)
 y - a +0 war axe
Missiles
 q - 6 javelins
Armour
 e - a +0 leather armour
 g - a +0 ring mail (worn)
Jewellery
 n - an amulet of regeneration (around neck)
 w - a ring of positive energy (left hand)
Talismans
 o - a storm talisman
Wands
 f - a wand of light (1) (quivered)
Scrolls
 b - a scroll of vulnerability
 d - 2 scrolls of teleportation
 h - 5 scrolls of identify {unknown}
 i - 3 scrolls of fear {unknown}
 j - 3 scrolls of enchant weapon {unknown}
 m - a scroll of torment {unknown}
 t - a scroll of blinking {unknown}
 v - a scroll of enchant armour {unknown}
Potions
 c - a potion of lignification
 l - 2 potions of curing {unknown}
 p - 2 potions of enlightenment {unknown}
 r - 2 potions of resistance {unknown}
 s - a potion of might {unknown}
 u - 2 potions of haste {unknown}


   Skills:
 + Level 5.4 Fighting
 - Level 2.5 Axes
 + Level 0.0 Staves
 + Level 2.7 Armour
 - Level 1.0 Dodging
 + Level 0.0 Hexes
 + Level 0.0 Ice Magic
 - Level 5.4 Evocations


You had one spell level left.
You knew the following spells:

 Your Spells              Type           Power      Damage    Failure   Level
a - Ensorcelled Hibernat  Hex/Ice        0%         N/A       52%         2

Your spell library contained the following spells:

 Spells                   Type           Power      Damage    Failure   Level
 Sublimation of Blood     Necr           0%         N/A       52%         2
 Passwall                 Erth           0%         N/A       77%         3
 Swiftness                Air            0%         N/A       77%         3
 Petrify                  Alch/Erth      0%         N/A       99%         4
 Irradiate                Conj/Alch      0%         3d11      100%        5


Dungeon Overview and Level Annotations

Branches:
Dungeon (3/15)

Altars:
Qazlal


Innate Abilities, Weirdness & Mutations

Your spellcasting is much less encumbered by armour.
You can use scrolls of enchantment on lesser artefacts.


Message History

Casting: Ensorcelled Hibernation (dangerous; 52% risk of failure)
Confirm with . or Enter, or press ? or * to list all spells.
Okay, then.
An endoplasm comes into view.
The endoplasm quivers.
Casting: Ensorcelled Hibernation (dangerous; 52% risk of failure)
Confirm with . or Enter, or press ? or * to list all spells.
Aiming: Ensorcelled Hibernation (dangerous; 52% risk of failure)
Press: ? - help, Shift-Dir - straight line, f - ogre
Aim: an ogre, wielding a +0 giant club (chance to affect: 32%)
You miscast Ensorcelled Hibernation.
You are very lightly contaminated with residual magic.
Nothing appears to happen.
Casting: Ensorcelled Hibernation (dangerous; 52% risk of failure)
Confirm with . or Enter, or press ? or * to list all spells.
Aiming: Ensorcelled Hibernation (dangerous; 52% risk of failure)
Press: ? - help, Shift-Dir - straight line, f/p - ogre
Aim: an ogre, wielding a +0 giant club (chance to affect: 32%)
The ogre looks drowsy...
The ogre shouts!
You hit the ogre.
The ogre is lightly wounded.
The ogre hits you with a +0 giant club!
You hit the ogre.
The ogre is lightly wounded.
The ogre closely misses you.
A bombardier beetle comes into view.
You hit the ogre.
The ogre is moderately wounded.
The ogre hits you but does no damage.
You hit the ogre.
The ogre is heavily wounded.
The ogre hits you with a +0 giant club!!
Ouch! That really hurt!
* * * LOW HITPOINT WARNING * * *
You sock the ogre!
The ogre is almost dead.
The ogre hits you with a +0 giant club!!
Ouch! That really hurt!
You die...

##....≈≈≈≈≈≈....####...#
...≈.#≈##≈≈...### #
.....#≈≈≈≈+...#
.....#≈.ß≈≈≈≈.# ##
...≈≈≈≈>_≈#...## ...
...≈≈#≈≈≈≈#≈...# ....
....≈##≈≈≈≈≈...# .....
#....≈...≈≈≈...###......
................@OJ..B..
#....^.......≈####......
............... .....
###..#####...### ####
..... .....#
..#######.... ... ....
... .... ...


You could see an ogre, a bombardier beetle and an endoplasm.

Vanquished Creatures
  4 gnolls
  2 adders
  2 dart slugs
  5 ball pythons
  3 endoplasms
  A giant cockroach (D:2)
  5 goblins (D:1)
  6 hobgoblins
  4 jackals
  5 quokkas
  9 bats
  5 frilled lizards
  2 kobolds
  5 rats
58 creatures vanquished.

Notes
Turn   | Place    | Note
-------+----------+-------------------------------------------
     0 | D:1      | hikkokomori the Mountain Dwarf Wanderer began the quest for
                  | the Orb.
     0 | D:1      | hikkokomori set off with the following items: a +0 club, a
                  | scroll of vulnerability, a potion of lignification, a
                  | scroll of teleportation, a +0 leather armour, a wand of
                  | light (2).
     0 | D:1      | Reached XP level 1. HP: 22/22 MP: 1/1
   134 | D:1      | Reached skill level 1 in Armour
   171 | D:1      | Reached XP level 2. HP: 21/28 MP: 2/2
   313 | D:1      | Reached skill level 1 in Axes
   313 | D:1      | Reached XP level 3. HP: 15/35 MP: 3/3
   772 | D:1      | Reached skill level 5 in Fighting
  1518 | D:2      | Reached XP level 4. HP: 42/42 MP: 4/4
  1868 | D:3      | Learned a level 2 spell: Ensorcelled Hibernation
  1876 | D:3      | Found a stormy altar of Qazlal.
  1923 | D:3      | Noticed an ogre
  1933 | D:3      | Mangled by an ogre

Illustrated notes

Levels and vault maps discovered:
D:1:      kennysheep_arrival_seaside, layout_basic, minmay_heptomino_d4
D:2:      layout_basic
D:3:      layout_basic, nicolae_qazlal_general_emergency

Skill      XL: |  1  2  3 |
---------------+----------+-----
Armour         | 1 2 |  2.7
Axes           | 1 2 |  2.5
Fighting       | 5 |  5.4
Dodging        | |  1.0
Evocations     | |  5.4

Action                     |  1- 3 |  4- 6 || total
---------------------------+-------+-------++-------
  Melee: Club              |    32 |       ||    32
         Hand axe          |   117 |    14 ||   131
         Quarterstaff      |       |     9 ||     9
   Cast: Ensorcelled Hiber |       |     1 ||     1
  Evoke: Wand              |       |     1 ||     1
 Armour: Ring mail         |   130 |    14 ||   144
  Dodge: Dodged            |    87 |    16 ||   103

Table legend: (Time is in decaauts)
 A = Elapsed time spent in this place.
 B = Non-inter-level travel time spent in this place.
 C = Inter-level travel time spent in this place.
 D = Time resting spent in this place.
 E = Time spent auto-exploring this place.
 F = Levels seen in this place.
 G = Mean time per level.
                   A        B        C        D        E       F      G
               +--------+--------+--------+--------+--------+-----+--------+
         Total |   1976 |   1942 |     34 |      0 |   1470 |   3 |  658.7 |
       Dungeon |   1976 |   1942 |     34 |      0 |   1470 |   3 |  658.7 |
               +--------+--------+--------+--------+--------+-----+--------+

Top non-repeatable levels by time:
     D:1: 1107 daAuts
     D:2: 701 daAuts
     D:3: 167 daAuts
